 Dungeon Sprint DCSS version 0.28.0-43-g3370ac3207 (webtiles) character file.

Game seed: 14296416825361142708

4900000 smarlow the Archmage (level 23, -8/201 HPs)
             Began as a Djinni Warper on Mar 8, 2022.
             Was the Champion of Makhleb.
             Mangled by The Servant
             ... wielding a +9 glaive of flaming
              (134 damage)
             ... in the Dungeon (Sprint VIII: "Arena of Blood").
             The game lasted 00:02:21 (49 turns).

smarlow the Archmage (Djinni Warper)                  Turns: 49, Time: 00:02:24

Health: -8/201     AC:  6    Str: 10    XL:     23   Next: 13%
Gold:   0          EV: 34    Int: 16    God:    Makhleb [******] SH:  0 Dex: 23

rFire   + + .      SeeInvis +   i - +∞ Axe of Woe
rCold   x . .      Faith    .   (shield currently unavailable)
rNeg    . . .      Spirit   .   b - +0 leather armour
rPois   ∞          Reflect  .   (no helmet)
rElec   .          Harm     .   (no cloak)
rCorr   .          Rampage  .   (no gloves)
Will    ++...      NoTele   +   (boots unavailable)
Stlth   +++++.....              (no amulet)
HPRegen 0.43/turn               g - ring of see invisible
MPRegen 0.00/turn               (no ring)

@: flying, hasted, very quick
A: sickness immunity, fire resistance 2, cold vulnerability 1, float, innate
caster, HP casting, extra vitality 1
a: Renounce Religion, Minor Destruction, Lesser Servant of Makhleb, Major
Destruction, Greater Servant of Makhleb


You were in the Dungeon.
You worshipped Makhleb.
Makhleb was exalted by your worship.
You visited 1 branch

Inventory:

Hand Weapons
 a - a +0 hand axe
 i - the +∞ Axe of Woe (weapon)
   (You found it in the Dungeon)
Missiles
 d - 5 boomerangs of dispersal (quivered)
Armour
 b - a +0 leather armour (worn)
Jewellery
 g - a ring of see invisible (left hand)
Scrolls
 c - 2 scrolls of blinking
Potions
 e - a potion of curing
 f - a potion of heal wounds
 h - a potion of berserk rage


   Skills:
 O Level 27 Fighting
 + Level 11.4(13.4) Short Blades
 + Level 11.4(13.4) Long Blades
 O Level 27 Axes
 + Level 10.5(21.2) Maces & Flails
 + Level 10.5(21.2) Polearms
 + Level 11.4(15.0) Staves
 + Level 10.5(20.4) Slings
 + Level 10.5 Bows
 + Level 10.5 Crossbows
 O Level 27 Throwing
 O Level 27 Armour
 O Level 27 Dodging
 + Level 11.4 Stealth
 + Level 11.6 Shields
 + Level 11.6 Unarmed Combat
 O Level 27 Spellcasting
 + Level 11.6 Invocations
 + Level 11.6 Evocations


You had 8 spell levels left.
You knew the following spells:

 Your Spells              Type           Power      Damage    Failure   Level
a - Blink                 Tloc           100%       N/A       0%          2
b - Lesser Beckoning      Tloc           82%        N/A       0%          3
c - Gell's Gravitas       Tloc           82%        N/A       0%          3
d - Teleport Other        Tloc           82%        N/A       0%          3
e - Manifold Assault      Tloc           82%        N/A       0%          5
f - Sandblast             Erth           100%       2d20      0%          1
g - Ensorcelled Hibernat  Hex/Ice        100%       N/A       0%          2
h - Ozocubu's Armour      Ice            82%        N/A       0%          3
i - Iskenderun's Mystic   Conj/Tloc      82%        2d16      0%          4
j - Petrify               Tmut/Erth      82%        N/A       0%          4
k - Yara's Violent Unrav  Hex/Tmut       41%        3d16      0%          5
l - Simulacrum            Ice/Necr       41%        N/A       0%          6
m - Conjure Ball Lightni  Conj/Air       41%        3x3d13    0%          6
n - Malign Gateway        Summ/Tloc      41%        N/A       1%          7
o - Dragon Form           Tmut           41%        N/A       1%          7
p - Haunt                 Necr/Summ      41%        N/A       1%          7
Your spell library was empty.

Dungeon Overview and Level Annotations

Branches:
Dungeon (1/1)

Altars:
Makhleb

Annotations:
D The Servant


Innate Abilities, Weirdness & Mutations

You are immune to sickness and miasma.
You are immune to poison.
Your flesh is very heat resistant. (rF++)
You are vulnerable to cold. (rC-)
You float through the air rather than walking.
You learn spells naturally, not from books.
Your magical power is your life essence.
You have superior vitality. (+4 MHP)


Message History

Your Evocations skill gained 3 levels and is now at level 10!
You hear a shout! x4
The destroyer hits you with a +9 vorpal great sword!!!!
The destroyer bites you!
Things that are here:
a +9 war axe; a +30 ring of slaying You are too injured to fight recklessly!
You hit the destroyer.
You cleave the destroyer in twain.
You destroy the destroyer!
Makhleb accepts your kill.
You slice the bag of meat!! You chop the bag of meat into pieces.
You kill the bag of meat!
Makhleb accepts your kill.
The meat berserker appears out of thin air!
A meat berserker comes into view. It is wielding a +9 battleaxe.
You hear a shout! x2
Your base Short Blades skill increases to level 11!
Your base Long Blades skill increases to level 11!
Your base Maces & Flails skill increases to level 10!
Your base Polearms skill increases to level 10!
Your base Staves skill increases to level 11!
Your base Slings skill increases to level 10!
Your Bows skill increases to level 10!
Your Crossbows skill increases to level 10!
Your Stealth skill increases to level 11!
Your Shields skill increases to level 11!
Your Unarmed Combat skill increases to level 11!
Your Invocations skill increases to level 11!
Your Evocations skill increases to level 11!
You have reached level 23!
The power to cast Haunt wells up from within.
Spell assigned to 'p'.
You hit the bag of meat.
You slaughter the bag of meat joyfully.
You kill the bag of meat!
Makhleb accepts your kill.
You feel better.
You hear a shout!
The Servant hits you from afar with a +9 glaive of flaming!!!!
Ouch! That really hurt!
You die...

################
##......)........
......@..))......
......##@##.#####
.......))........
##..O.§##.##....
......)o.§.......
.......§§§#.#...§
.......§§@o......
#......○☼○.......
.#.....))V.......
..V.....)........


You could see The Servant, a meat berserker (berserk) and a bag of meat.

Vanquished Creatures
  7 vampire knights (D)
  8 ogres (D)
  2 two-headed ogres (D)
  26 orcs (D)
43 creatures vanquished.

Notes
Turn   | Place    | Note
-------+----------+-------------------------------------------
     0 | D        | Found the +∞ Axe of Woe
     0 | D        | smarlow the Djinni Warper began the quest for the Orb.
     0 | D        | Reached XP level 1. HP: 18/18 MP: 0/0
     1 | D        | Noticed a bag of meat
     1 | D        | Noticed a bag of meat
     4 | D        | Became a worshipper of Makhleb the Destroyer
     6 | D        | Noticed a meat berserker
     7 | D        | Noticed a bag of meat
     8 | D        | Killed a bag of meat
     8 | D        | Noticed a bag of meat
     9 | D        | Reached skill level 10 in Dodging
     9 | D        | Reached skill level 15 in Spellcasting
     9 | D        | Reached XP level 2. HP: 34/34 MP: 0/0
     9 | D        | Reached XP level 3. HP: 40/40 MP: 0/0
     9 | D        | Learned a level 1 spell: Sandblast
     9 | D        | Reached XP level 4. HP: 45/45 MP: 0/0
     9 | D        | Reached XP level 5. HP: 50/50 MP: 0/0
     9 | D        | Learned a level 2 spell: Ensorcelled Hibernation
     9 | D        | Reached XP level 6. HP: 57/57 MP: 0/0
     9 | D        | Reached XP level 7. HP: 61/61 MP: 0/0
     9 | D        | Learned a level 3 spell: Ozocubu's Armour
     9 | D        | Reached XP level 8. HP: 67/67 MP: 0/0
     9 | D        | Reached XP level 9. HP: 73/73 MP: 0/0
     9 | D        | Learned a level 4 spell: Iskenderun's Mystic Blast
     9 | D        | Reached XP level 10. HP: 78/78 MP: 0/0
     9 | D        | Reached XP level 11. HP: 84/84 MP: 0/0
     9 | D        | Learned a level 4 spell: Petrify
    10 | D        | Killed a meat berserker
    10 | D        | Reached * piety under Makhleb
    10 | D        | Noticed a bag of meat
    10 | D        | Noticed a bag of meat
    10 | D        | Noticed a meat berserker
    11 | D        | Reached XP level 12. HP: 95/95 MP: 0/0
    11 | D        | Reached XP level 13. HP: 100/100 MP: 0/0
    11 | D        | Learned a level 5 spell: Yara's Violent Unravelling
    11 | D        | Noticed a meat berserker
    11 | D        | Noticed a bag of meat
    12 | D        | Noticed a meat berserker
    13 | D        | Noticed a bag of meat
    13 | D        | Noticed a bag of meat
    13 | D        | Noticed a meat berserker
    13 | D        | Noticed a bag of meat
    14 | D        | Noticed a meat berserker
    14 | D        | Noticed a bag of meat
    14 | D        | Noticed a large bag of meat
    14 | D        | Noticed a bag of meat
    14 | D        | Noticed a bag of meat
    15 | D        | Noticed a meat berserker
    15 | D        | Noticed a bag of meat
    15 | D        | Noticed a bag of meat
    16 | D        | Noticed a bag of meat
    16 | D        | Noticed a bag of meat
    17 | D        | Noticed a bag of meat
    17 | D        | Noticed a bag of meat
    17 | D        | Noticed a large bag of meat
    18 | D        | Killed a bag of meat
    18 | D        | Killed a bag of meat
    18 | D        | Killed a meat berserker
    18 | D        | Reached ** piety under Makhleb
    18 | D        | Noticed a bag of meat
    19 | D        | Reached XP level 14. HP: 99/111 MP: 0/0
    19 | D        | Killed a meat berserker
    19 | D        | Killed a meat berserker
    19 | D        | Killed a meat berserker
    19 | D        | Reached *** piety under Makhleb
    20 | D        | Reached skill level 15 in Fighting
    20 | D        | Reached skill level 5 in Throwing
    20 | D        | Reached XP level 15. HP: 121/121 MP: 0/0
    20 | D        | Learned a level 6 spell: Simulacrum
    20 | D        | Reached XP level 16. HP: 127/127 MP: 0/0
    21 | D        | Reached skill level 5 in Armour
    21 | D        | Reached skill level 27 in Spellcasting
    21 | D        | Reached XP level 17. HP: 136/136 MP: 0/0
    21 | D        | Learned a level 6 spell: Conjure Ball Lightning
    21 | D        | Noticed a destroyer
    21 | D        | Reached **** piety under Makhleb
    21 | D        | Noticed a meat berserker
    22 | D        | Reached ***** piety under Makhleb
    23 | D        | Killed a meat berserker
    24 | D        | Reached skill level 27 in Axes
    24 | D        | Reached XP level 18. HP: 155/155 MP: 0/0
    24 | D        | Noticed a destroyer
    24 | D        | Noticed a destroyer
    26 | D        | Killed a large bag of meat
    26 | D        | Noticed a destroyer
    27 | D        | Reached XP level 19. HP: 155/167 MP: 0/0
    27 | D        | Learned a level 7 spell: Malign Gateway
    27 | D        | Killed a meat berserker
    27 | D        | Reached ****** piety under Makhleb
    28 | D        | Reached skill level 27 in Fighting
    28 | D        | Reached skill level 27 in Dodging
    29 | D        | Noticed The Servant
    30 | D        | Killed a destroyer
    31 | D        | Reached skill level 15 in Throwing
    31 | D        | Noticed a destroyer
    32 | D        | Reached XP level 20. HP: 176/181 MP: 0/0
    33 | D        | Killed a meat berserker
    35 | D        | Killed a destroyer
    35 | D        | Killed a large bag of meat
    36 | D        | Reached skill level 27 in Throwing
    36 | D        | Reached skill level 27 in Armour
    36 | D        | Reached XP level 21. HP: 175/187 MP: 0/0
    36 | D        | Learned a level 7 spell: Dragon Form
    36 | D        | Noticed a destroyer
    37 | D        | Killed a destroyer
    38 | D        | Reached skill level 5 in Short Blades
    38 | D        | Reached skill level 5 in Long Blades
    38 | D        | Reached skill level 5 in Staves
    38 | D        | Reached skill level 5 in Stealth
    38 | D        | Reached skill level 5 in Shields
    38 | D        | Reached skill level 5 in Unarmed Combat
    38 | D        | Reached skill level 5 in Invocations
    38 | D        | Reached skill level 5 in Evocations
    39 | D        | Noticed a destroyer
    43 | D        | Killed a destroyer
    43 | D        | Noticed a destroyer
    44 | D        | Reached XP level 22. HP: 194/194 MP: 0/0
    44 | D        | Noticed a meat berserker
    46 | D        | Killed a destroyer
    46 | D        | Killed a destroyer
    47 | D        | Reached skill level 10 in Short Blades
    47 | D        | Reached skill level 10 in Long Blades
    47 | D        | Reached skill level 10 in Staves
    47 | D        | Reached skill level 10 in Stealth
    47 | D        | Reached skill level 10 in Shields
    47 | D        | Reached skill level 10 in Unarmed Combat
    47 | D        | Reached skill level 10 in Invocations
    47 | D        | Reached skill level 10 in Evocations
    48 | D        | Killed a destroyer
    49 | D        | Reached skill level 10 in Maces & Flails
    49 | D        | Reached skill level 10 in Polearms
    49 | D        | Reached skill level 10 in Slings
    49 | D        | Reached skill level 10 in Bows
    49 | D        | Reached skill level 10 in Crossbows
    49 | D        | Reached XP level 23. HP: 97/201 MP: 0/0
    49 | D        | Learned a level 7 spell: Haunt
    49 | D        | Mangled by The Servant

Illustrated notes

Levels and vault maps discovered:
D:        meatsprint

Skill      XL: |  1  2  3  4  5  6  7  8  9 10 11 12 13 14 15 16 17 18 19 20 21 22 |
---------------+-------------------------------------------------------------------+-----
Fighting       | 9 11 13 15 17 21 24 27 | 27.0
Axes           | 8 11 14 18 20 27 | 27.0
Throwing       | 3 4 5 6 8 9 17 27 | 27.0
Armour         | 2 3 4 5 8 9 19 27 | 27.0
Dodging        | 10 12 14 17 18 22 25 27 | 27.0
Spellcasting   | 15 19 23 26 27 | 27.0
Short Blades   | 6 11 | 11.4
Long Blades    | 6 11 | 11.4
Maces & Flails | 6 10 | 10.5
Polearms       | 6 10 | 10.5
Staves         | 6 11 | 11.4
Slings         | 6 10 | 10.5
Bows           | 6 10 | 10.5
Crossbows      | 6 10 | 10.5
Stealth        | 6 11 | 11.4
Shields        | 6 11 | 11.6
Unarmed Combat | 6 11 | 11.6
Invocations    | 6 11 | 11.6
Evocations     | 6 11 | 11.6

Action                   |  1- 3 |  4- 6 |  7- 9 | 10-12 | 13-15 | 16-18 | 19-21 | 22-24 || total
-------------------------+-------+-------+-------+-------+-------+-------+-------+-------++-------
Melee: Executioner's axe |     1 |       |       |     1 |     2 |     5 |     7 |     4 ||    20
 Cast: Iskenderun's Myst |       |       |       |       |     3 |     1 |     1 |       ||     5
  Use: Potion            |     1 |       |       |       |       |       |       |       ||     1
Dodge: Dodged            |       |       |       |       |       |       |     1 |       ||     1
